 Dungeon Sprint DCSS version 0.18-a0-1312-gf98331d (webtiles) character file.

10859 xeno23 the Warrior (level 11, -21/96 HPs)
             Began as a Minotaur Fighter on Feb 14, 2016.
             Was a High Priest of Okawaru.
             Demolished by a lorocyproca (25 damage)
             ... in the Dungeon (Sprint I: "Red Sonja").
             The game lasted 00:13:22 (2699 turns).

xeno23 the Warrior (Minotaur Fighter)               Turns: 2699, Time: 00:13:23

Health: -21/96     AC: 16    Str: 23      XL:     11   Next: 41%
Magic:  0/8        EV:  8    Int:  1      God:    Okawaru [*****.]
Gold:   660        SH: 13    Dex: 10 (11) Spells: 0 memorised, 10 levels left

rFire  . . .     SeeInvis .     a - +0 war axe
rCold  . . .     Gourm    .     k - +3 chain mail {rPois}
rNeg   . . .     Faith    .     c - +0 shield
rPois  +         Spirit   .     (helmet restricted)
rElec  .         Dismiss  .     l - +0 cloak
rCorr  .         Reflect  .     j - +0 pair of gloves
SustAt .         Harm     .     m - +0 pair of boots
MR     .....     Rnd*Rage +     (no amulet)
Stlth  .......... NoTele   +    (no ring)
                                (no ring)

@: exhausted, slowed, very slow, not resistant to hostile enchantments,
extremely unstealthy
A: retaliatory headbutt, horns 2, berserk 2, blurry vision 2, deformed body,
deterioration 2, dopey 2, frail 2, low mp 1, screaming 2, no device heal 2,
subdued magic 1, MP-powered wands
a: Heroism, Finesse, Renounce Religion


You were in the Dungeon.
You worshipped Okawaru.
Okawaru was extremely pleased with you.
You were hungry.

You visited 1 branch You collected 1322 gold pieces.
You spent 662 gold pieces at shops.

Inventory:

Hand Weapons
 a - a +0 war axe (weapon)
Armour
 c - a +0 shield (worn)
 j - a +0 pair of gloves (worn)
 k - a +3 chain mail of poison resistance (worn)
 l - a +0 cloak (worn)
 m - a +0 pair of boots (worn)
Scrolls
 g - a scroll of enchant weapon {unknown}
Potions
 b - 2 potions of mutation
 d - a potion of flight {unknown}
 e - 3 potions of curing
 h - a potion of haste
 i - 3 potions of magic
 n - a potion of agility
 o - 2 potions of might
Comestibles
 f - a bread ration


   Skills:
 * Level 18.7 Fighting
 * Level 18.5 Axes
 + Level 14.0 Armour
 + Level 14.0 Shields


You had 10 spell levels left.
You didn't know any spells.

Dungeon Overview and Level Annotations

Branches:
Dungeon (1/1)

Altars:
Cheibriados
Dithmenos
Elyvilon
Fedhas
Gozag
Kikubaaqudgha
Makhleb
Nemelex Xobeh
Okawaru
Pakellas
Qazlal
Ru
Sif Muna
Trog
Vehumet
Xom
Yredelemnul
Zin
The Shining One
Jiyva

Shops:
D [!=[(*[

Annotations:
D Norris


Innate Abilities, Weirdness & Mutations

You reflexively headbutt those who attack you in melee.
You have a pair of horns on your head.
You often lose your temper in combat.
Scrolls take you longer to read.
Armour fits poorly on your strangely shaped body.
Your body often deteriorates upon taking damage.
You are very dopey. (Int -4)
You are very frail (-20% HP).
Your magical capacity is low (-10% MP).
You sometimes yell uncontrollably at your foes.
Potions and wands are poor at restoring your health.
Your spells are a little easier to cast, but a little less powerful.
You expend magic power (3 MP) to strengthen your wands.


Message History

You take 4 damage.
You hit something. You headbutt something. Something hits you!
* * * LOW HITPOINT WARNING * * *
You take 14 damage.
Okay, then.
You miss something. You headbutt something. Something hits you.
* * * LOW HITPOINT WARNING * * *
You take 3 damage.
You miss something. You headbutt something.
Something hits you but does no damage.
Drink which item? (? for menu, Esc to quit)
You feel better. Something hits you.
* * * LOW HITPOINT WARNING * * *
You take 3 damage.
You closely miss something. Something completely misses you.
You miss something. Something hits you!!
* * * LOW HITPOINT WARNING * * *
Your body deteriorates!
You feel clumsy.
You feel your power leaking away. Something hits you!!
You die...

########### ######
#__#..)†..# #§{@§+
'..'.)#...##+#§####
#__####...'.§#$# ##
####§(#####.§'$# #$###
#≈≈§§§#..##'####..$#{#
'§§≈§§'..#.^..^#..$###
#≈§§.§#..#....^'..$$$#
##(#####'###..^#...
#§)((###.'.#§§.# #+


There were no monsters in sight!

Vanquished Creatures
  2 centaur warriors (D)
  A deep troll (D)
  2 unseen horrors (D)
  A lindwurm (D)
  An oklob plant (D)
  8 shining eyes (D)
  A gargoyle (D)
  2 kobold demonologists (D)
  4 demonic crawlers (D)
  A slime creature (D)
  Sigmund (D)
  2 redbacks (D)
  A yak (D)
  7 necrophages (D)
  A wasp (D)
  An ogre (D)
  8 jellies (D)
  Ijyb (D)
  6 giant eyeballs (D)
  2 ballistomycetes (D)
53 creatures vanquished.

Vanquished Creatures (others)
  Sonja (D)
  3 wasps (D)
  2 giant spores (D)
6 creatures vanquished.

Grand Total: 59 creatures vanquished

Notes
Turn   | Place    | Note
--------------------------------------------------------------
     0 | D        | xeno23 the Minotaur Fighter began the quest for the Orb.
     0 | D        | Reached XP level 1. HP: 19/19 MP: 0/0
     1 | D        | Noticed Ijyb
    15 | D        | Killed Ijyb
    15 | D        | Reached skill level 5 in Fighting
    15 | D        | Reached XP level 2. HP: 12/29 MP: 1/1
   201 | D        | Noticed an ogre
   206 | D        | Killed an ogre
   206 | D        | Reached skill level 7 in Fighting
   206 | D        | Reached skill level 5 in Armour
   206 | D        | Reached skill level 5 in Shields
   206 | D        | Reached XP level 3. HP: 33/39 MP: 2/2
   206 | D        | Reached XP level 4. HP: 39/47 MP: 3/3
   256 | D        | Noticed Sigmund
   269 | D        | Killed Sigmund
   269 | D        | Reached skill level 9 in Fighting
   269 | D        | Reached XP level 5. HP: 39/57 MP: 4/4
   269 | D        | Reached XP level 6. HP: 43/64 MP: 5/5
   392 | D        | Found a snail-covered altar of Cheibriados.
   392 | D        | Found a viscous altar of Jiyva.
   392 | D        | Found a shadowy altar of Dithmenos.
   392 | D        | Found a blossoming altar of Fedhas.
   392 | D        | Noticed a slime creature
   397 | D        | Killed a slime creature
   397 | D        | Reached skill level 10 in Fighting
   397 | D        | Reached skill level 10 in Axes
   411 | D        | Noticed a kobold demonologist
   411 | D        | Paralysed by a giant eyeball for 4 turns
   412 | D        | Noticed a kobold demonologist
   413 | D        | Noticed an orange demon
   416 | D        | Noticed a neqoxec
   416 | D        | Noticed an orange demon
   418 | D        | Killed a kobold demonologist
   418 | D        | Reached skill level 11 in Fighting
   418 | D        | Reached XP level 7. HP: 75/75 MP: 6/6
   425 | D        | Killed a kobold demonologist
   425 | D        | Reached skill level 12 in Fighting
   480 | D        | Noticed a demonic crawler
   480 | D        | Noticed a demonic crawler
   480 | D        | Noticed a demonic crawler
   480 | D        | Noticed a demonic crawler
   488 | D        | Killed a demonic crawler
   488 | D        | Reached XP level 8. HP: 26/85 MP: 7/7
   772 | D        | Found a deep blue altar of Sif Muna.
   774 | D        | Found a radiant altar of Vehumet.
   802 | D        | Noticed a centaur warrior
   813 | D        | Found Xuinioxt's Armour Emporium.
   813 | D        | Found a white marble altar of Elyvilon.
   813 | D        | Found a stormy altar of Qazlal.
   813 | D        | Found a burning altar of Makhleb.
   813 | D        | Found a sacrificial altar of Ru.
   813 | D        | Found an oddly glowing altar of Pakellas.
   813 | D        | Found a basalt altar of Yredelemnul.
   813 | D        | Found a glowing golden altar of the Shining One.
   813 | D        | Found a sparkling altar of Nemelex Xobeh.
   813 | D        | Found a shimmering altar of Xom.
   813 | D        | Found an opulent altar of Gozag.
   813 | D        | Found an ancient bone altar of Kikubaaqudgha.
   813 | D        | Found a glowing silver altar of Zin.
   819 | D        | Reached skill level 13 in Fighting
   820 | D        | Found an iron altar of Okawaru.
   821 | D        | Found a bloodstained altar of Trog.
   828 | D        | Became a worshipper of Warmaster Okawaru
   831 | D        | Bought a +3 chain mail of poison resistance for 282 gold pieces
   831 | D        | Bought a +0 cloak for 54 gold pieces
   853 | D        | Noticed Sonja
   870 | D        | Killed Sonja
   870 | D        | Reached skill level 10 in Armour
   870 | D        | Reached skill level 10 in Shields
   888 | D        | Noticed a deep troll
   894 | D        | Killed a deep troll
   894 | D        | Reached skill level 14 in Fighting
   894 | D        | Reached XP level 9. HP: 41/96 MP: 8/8
  1120 | D        | Found Quiw's Armour Boutique.
  1205 | D        | Noticed a centaur warrior
  1223 | D        | Killed a centaur warrior
  1223 | D        | Reached * piety under Okawaru
  1223 | D        | Reached skill level 15 in Fighting
  1227 | D        | Killed a centaur warrior
  1227 | D        | Reached ** piety under Okawaru
  1227 | D        | Reached skill level 15 in Axes
  1536 | D        | Noticed an oklob plant
  1547 | D        | Killed an oklob plant
  1547 | D        | Reached XP level 10. HP: 73/107 MP: 6/9
  1678 | D        | Reached skill level 16 in Fighting
  1685 | D        | Reached *** piety under Okawaru
  1924 | D        | Paralysed by a giant eyeball for 2 turns
  2281 | D        | Killed an unseen horror
  2281 | D        | Reached **** piety under Okawaru
  2291 | D        | Killed an unseen horror
  2291 | D        | Reached skill level 17 in Fighting
  2326 | D        | Found Fimp's Armour Emporium.
  2331 | D        | Bought a +0 pair of gloves for 49 gold pieces
  2460 | D        | Noticed a shining eye
  2460 | D        | Noticed a shining eye
  2460 | D        | Noticed a shining eye
  2460 | D        | Noticed a shining eye
  2460 | D        | Noticed a shining eye
  2460 | D        | Noticed a shining eye
  2463 | D        | Gained mutation: Your muscles are strong. (Str +2) [a shining eye]
  2463 | D        | Paralysed by a giant eyeball for 4 turns
  2463 | D        | Gained mutation: You occasionally shout uncontrollably at your foes. [a shining eye]
  2464 | D        | Gained mutation: You are frail (-10% HP). [a shining eye]
  2466 | D        | Gained mutation: Armour fits poorly on your strangely shaped body. [a shining eye]
  2466 | D        | Gained mutation: You expend magic power (3 MP) to strengthen your wands. [a shining eye]
  2466 | D        | Gained mutation: You are dopey. (Int -2) [a shining eye]
  2469 | D        | Gained mutation: Potions and wands are less effective at restoring your health. [a shining eye]
  2471 | D        | Gained mutation: You tend to lose your temper in combat. [a shining eye]
  2472 | D        | Killed a shining eye
  2472 | D        | Gained mutation: Scrolls take you a little longer to read. [a shining eye]
  2474 | D        | Killed a shining eye
  2474 | D        | Paralysed by a giant eyeball for 3 turns
  2477 | D        | Lost mutation: Your muscles are strong. (Str +2) [a shining eye]
  2480 | D        | Killed a shining eye
  2480 | D        | Gained mutation: Your spells are a little easier to cast, but a little less powerful. [a shining eye]
  2480 | D        | Gained mutation: You often lose your temper in combat. [a shining eye]
  2481 | D        | Paralysed by a giant eyeball for 2 turns
  2487 | D        | Killed a shining eye
  2487 | D        | Reached ***** piety under Okawaru
  2487 | D        | Reached XP level 11. HP: 103/105 MP: 10/10
  2489 | D        | Killed a shining eye
  2489 | D        | Received a gift from Okawaru
  2489 | D        | Paralysed by a giant eyeball for 3 turns
  2492 | D        | Gained mutation: Your body sometimes deteriorates upon taking damage. [a shining eye]
  2493 | D        | Killed a shining eye
  2493 | D        | Reached skill level 18 in Fighting
  2495 | D        | Paralysed by a giant eyeball for 4 turns
  2503 | D        | Noticed a shining eye
  2503 | D        | Noticed a shining eye
  2503 | D        | Gained mutation: Your magical capacity is low (-10% MP). [a shining eye]
  2506 | D        | Gained mutation: Potions and wands are poor at restoring your health. [a shining eye]
  2506 | D        | Gained mutation: Your body often deteriorates upon taking damage. [a shining eye]
  2507 | D        | Gained mutation: You are very dopey. (Int -4) [a shining eye]
  2509 | D        | Gained mutation: Scrolls take you longer to read. [a shining eye]
  2511 | D        | Gained mutation: You are very frail (-20% HP). [a shining eye]
  2515 | D        | Gained mutation: You sometimes yell uncontrollably at your foes. [a shining eye]
  2518 | D        | Killed a shining eye
  2521 | D        | Killed a shining eye
  2525 | D        | Found Tatiumi's Distillery.
  2525 | D        | Found Noege's Antique Weapon Shop.
  2525 | D        | Found Ticseis's Jewellery Emporium.
  2525 | D        | Found Zef Xitihiq's Assorted Antiques.
  2539 | D        | Bought a pair of boots for 103 gold pieces
  2553 | D        | Bought a potion of agility for 48 gold pieces
  2553 | D        | Bought a potion of mutation for 30 gold pieces
  2553 | D        | Bought a potion of might for 48 gold pieces
  2553 | D        | Bought a potion of might for 48 gold pieces
  2668 | D        | Noticed Norris
  2679 | D        | Noticed a lindwurm
  2682 | D        | Killed a lindwurm
  2699 | D        | HP: 4/96 [something (18)]
  2699 | D        | Demolished by a lorocyproca

Vault maps used:
D:        dungeon_sprint_1

Action                   |  1- 3 |  4- 6 |  7- 9 | 10-12 || total
-------------------------+-------+-------+-------+-------++-------
Melee: War axe           |    16 |    19 |    65 |   130 ||   230
Invok: Heroism           |       |       |     1 |       ||     1
  Use: Potion            |       |     1 |     4 |     1 ||     6
       Scroll            |       |       |     3 |       ||     3
  Eat: Chunk             |       |       |     3 |       ||     3
       Bread ration      |       |       |       |     1 ||     1
